 Dungeon Sprint DCSS version bcrawl-1.21 (webtiles) character file.

Game seed: 147200002883356240

2287 Freyura the Fighter (level 9, -7/79 HPs)
             Began as a Demonspawn Fighter on Feb 15, 2020.
             Was an Initiate of Ru.
             Mangled by a sun demon (19 damage)
             ... in the Dungeon (Sprint V: "Ziggurat Sprint").
             The game lasted 00:08:17 (176 turns).

Freyura the Fighter (Demonspawn Fighter)             Turns: 176, Time: 00:08:17

Health: -7/79      AC:  6    Str: 22    XL:     9   Next: 17%
Magic:  9/9        EV: 15    Int:  9    God:    Ru [......]
Gold:   0          SH:  0    Dex: 23    Spells: 8/8 levels left

rFire    . . .     SeeInvis .   b - +5 executioner's axe
rCold    . . .     Gourm    .   (shield currently unavailable)
rNeg     . . .     Faith    .   a - +5 shadow dragon scales
rPois    .         Spirit   .   (helmet restricted)
rElec    .         Reflect  .   (no cloak)
rCorr    .         Harm     .   (no gloves)
MR       .....     NoTele   +   (no boots)
Stlth    +++.......             (no amulet)
HPRegen  3.23/turn              v - +6 ring of dexterity
MPRegen  0.11/turn              y - +6 ring of strength

@: corroded, lightly drained
A: horns 2, thin metallic scales 1, powered by death 3, no potion heal 1
a: Renounce Religion


You were in the Dungeon.
You worshipped Ru.
Ru was noncommittal.
You were not hungry.

You visited 1 branch

Inventory:

Hand Weapons
 b - a +5 executioner's axe (weapon)
Armour
 a - +5 shadow dragon scales (worn)
Jewellery
 v - a +6 ring of dexterity (left hand)
 y - a +6 ring of strength (right hand)
Wands
 A - a wand of disintegration (7)
 B - a wand of iceblast (3)
 C - a wand of acid (7)
Scrolls
 c - 4 scrolls of amnesia
 k - 4 scrolls of blinking
 l - 7 scrolls of fog
 m - 5 scrolls of identify
 n - 5 scrolls of remove curse
 o - 2 scrolls of fear
Potions
 d - 5 potions of might
 f - 10 potions of curing
 g - 5 potions of heal wounds
 h - 6 potions of haste
 i - 7 potions of magic
 j - 3 potions of berserk rage
 p - 2 potions of brilliance
 q - 2 potions of invisibility
 r - 4 potions of resistance
 t - 4 potions of agility
Miscellaneous
 s - a lamp of fire
 D - a lightning rod (4/4)
Comestibles
 e - 7 rations {!d}


   Skills:
 + Level 10.9(10.5) Fighting
 + Level 9.6(9.4) Axes
   Level 3.2(6.5) Maces & Flails
 + Level 10.0(9.6) Armour
 + Level 9.6(9.2) Dodging
   Level 2.6(2.3) Shields


You had 8 spell levels left.
You didn't know any spells.
Your spell library contained the following spells:

 Spells                   Type           Power        Failure   Level  Hunger
 Summon Butterflies       Summ           #.......     94%         1    ##.....
 Call Imp                 Summ           #.....       98%         2    ###....
 Shadow Creatures         Summ           N/A          100%        6    #######
 Controlled Blink         Tloc           N/A          100%        8    #######


Dungeon Overview and Level Annotations

Branches:
Dungeon (1/1)

Altars:
Ashenzari
Cheibriados
Dithmenos
Elyvilon
Fedhas
Gozag
Hepliaklqana
Kikubaaqudgha
Lugonu
Makhleb
Nemelex Xobeh
Okawaru
Qazlal
Ru
Sif Muna
Trog
Uskayaw
Vehumet
Wu Jian
Xom
Yredelemnul
Zin
The Shining One
Beogh
Jiyva

Annotations:
D 1 transporter


Innate Abilities, Weirdness & Mutations

You have a pair of horns on your head.
You are partially covered in thin metallic scales. (AC +2)
You regenerate a lot of health from kills.
Potions are less effective at restoring your health.


Message History

The soul eater hits you. The hellwing misses you. The hellwing hits you.
The rust devil hits you. The rust devil corrodes you! The sun demon hits you!
You are engulfed in flames!
You are too injured to fight recklessly!
You are too injured to fight recklessly!
You are too injured to fight recklessly!
You are too injured to fight recklessly!
Your system partially rejects the healing.
You feel much better. The soul eater hits you!
You feel drained.
The hellwing hits you. x2; The rust devil hits you.
The rust devil corrodes you! The sun demon hits you!
You are engulfed in flames!!
* * * LOW HITPOINT WARNING * * *
Your system partially rejects the healing.
You feel much better. The soul eater hits you.
The hellwing hits you but does no damage.
The hellwing barely misses you. The rust devil completely misses you.
The sun demon hits you!
* * * LOW HITPOINT WARNING * * *
You are engulfed in flames!!
You die...

▓.▓....▓.▓.▓....▓.▓
▓...©....▓...©....▓
▓▓▓▓▓▓▓▓▓▓▓▓▓▓▓▓▓▓▓
▓..8©8..▓ ▓..::}..▓
▓...?}..▓ ▓.......▓
▓..43!..▓ ▓...@3..▓
▓...4...▓ ▓.......▓
▓...©...▓ ▓▓▓▓▓▓▓▓▓


You could see a soul eater, a sun demon, a hellwing and a rust devil.

Vanquished Creatures
  2 toenail golems (D)
  A rime drake (D)
  A jumping spider (D)
  A tarantella (D)
  2 swamp drakes (D)
  4 necrophages (D)
  3 scorpions (D)
  A crimson imp (D)
  A quasit (D)
  2 iron imps (D)
  A white imp (D)
  A leopard gecko zombie (D)
20 creatures vanquished.

Notes
Turn   | Place    | Note
-------+----------+-------------------------------------------
     0 | D        | Freyura the Demonspawn Fighter began the quest for the Orb.
     0 | D        | Reached XP level 1. HP: 18/18 MP: 1/1
    16 | D        | Found a blossoming altar of Fedhas.
    17 | D        | Found the +6 Majin-Bo {vamp, *Drain Str+12 Int+24}
    17 | D        | Found the +7 great mace "Firestarter" {inner flame, rF++}
    17 | D        | Found a viscous altar of Jiyva.
    17 | D        | Found a hazy altar of Hepliaklqana.
    17 | D        | Found a transporter.
    17 | D        | Found an opulent altar of Gozag.
    17 | D        | Found an ancient bone altar of Kikubaaqudgha.
    17 | D        | Found a corrupted altar of Lugonu.
    28 | D        | Found a burning altar of Makhleb.
    29 | D        | Found a sacrificial altar of Ru.
    29 | D        | Found a shimmering blue altar of Sif Muna.
    29 | D        | Found a stormy altar of Qazlal.
    29 | D        | Found a bloodstained altar of Trog.
    29 | D        | Found an iron altar of Okawaru.
    29 | D        | Found a sparkling altar of Nemelex Xobeh.
    53 | D        | Became a worshipper of Ru the Awakened
    56 | D        | Gained mutation: You have a pair of small horns on your
                  | head. [demonic ancestry]
    56 | D        | Reached XP level 2. HP: 26/26 MP: 2/2
    64 | D        | Entered arena 2.
    64 | D        | Noticed a toenail golem
    64 | D        | Noticed a toenail golem
    64 | D        | Found a transporter.
    72 | D        | HP: 1/26 [toenail golem (8)]
    76 | D        | Killed a toenail golem
    76 | D        | Gained mutation: You regenerate a little health from kills.
                  | [demonic ancestry]
    76 | D        | Reached XP level 3. HP: 30/37 MP: 3/3
    76 | D        | Reached XP level 4. HP: 35/44 MP: 4/4
    76 | D        | Gained mutation: You regenerate health from kills. [demonic
                  | ancestry]
    76 | D        | Reached XP level 5. HP: 39/49 MP: 5/5
    76 | D        | Reached XP level 6. HP: 45/56 MP: 6/6
    79 | D        | Killed a toenail golem
    79 | D        | Gained mutation: You regenerate a lot of health from kills.
                  | [demonic ancestry]
    79 | D        | Reached XP level 7. HP: 43/64 MP: 7/7
    86 | D        | Entered arena 3.
    86 | D        | Noticed a rime drake
    86 | D        | Found a transporter.
    87 | D        | Found the +5 demon whip "Spellbinder" {antimagic, MR+}
    90 | D        | Killed a rime drake
    90 | D        | Gained mutation: You have a pair of horns on your head.
                  | [demonic ancestry]
    90 | D        | Reached XP level 8. HP: 70/71 MP: 8/8
   109 | D        | Got Sif Muna's Reference Book on Warped Creation
   112 | D        | Entered arena 4.
   112 | D        | Found a transporter.
   116 | D        | Reached skill level 10 in Fighting
   126 | D        | Entered arena 5.
   126 | D        | Found a transporter.
   136 | D        | Got the cursed +1 troll leather armour of Yfogg {rF+ Regen+
                  | Str+4}
   137 | D        | Gained mutation: Potions are less effective at restoring
                  | your health. [Ru sacrifice]
   142 | D        | Entered arena 6.
   142 | D        | Noticed a jumping spider
   142 | D        | Found a transporter.
   151 | D        | Gained mutation: You are partially covered in thin metallic
                  | scales. (AC +2) [demonic ancestry]
   151 | D        | Reached XP level 9. HP: 79/79 MP: 9/9
   152 | D        | Killed a jumping spider
   152 | D        | Reached skill level 10 in Armour
   158 | D        | Got the +1 robe of the True Pharaoh {-Cast rF+ rCorr Dex+3}
   167 | D        | Entered arena 7.
   167 | D        | Noticed a hellwing
   167 | D        | Noticed a soul eater
   167 | D        | Noticed a rust devil
   167 | D        | Noticed a sun demon
   168 | D        | Found a transporter.
   176 | D        | Mangled by a sun demon

Skill      XL: |  1  2  3  4  5  6  7  8  9 |
---------------+----------------------------+-----
Fighting       | 4 7 9 10 | 10.9
Axes           | 3 6 7 8 9 |  9.6
Armour         | 4 7 8 9 10 | 10.0
Dodging        | 3 6 7 8 9 |  9.6
Maces & Flails | 3 |  3.2
Shields        | |  2.6

Action                   |  1- 3 |  4- 6 |  7- 9 || total
-------------------------+-------+-------+-------++-------
Melee: Executioner's axe |     4 |     3 |    24 ||    31
       Headbutt          |     2 |     1 |     4 ||     7
Invok: Sacrifice Purity  |       |       |     1 ||     1
Evoke: Wand              |     2 |       |     2 ||     4
  Use: Potion            |     5 |       |     3 ||     8
 Stab: Sleeping          |       |       |     2 ||     2
Armor: Shadow dragon sca |     4 |     1 |    27 ||    32
Dodge: Dodged            |    10 |     3 |    36 ||    49
